 Dungeon Crawl Stone Soup version 0.28.0 (webtiles) character file.

Game seed: 16156775505407259366

25 rabbitsville the Poker (level 3, -1/28 HPs)
             Began as a Merfolk Gladiator on Feb 16, 2022.
             Slain by Natasha (3 damage)
             ... on level 2 of the Dungeon.
             The game lasted 00:05:52 (1237 turns).

rabbitsville the Poker (Merfolk Gladiator)          Turns: 1237, Time: 00:05:55

Health: -1/28      AC:  6    Str: 13 (16) XL:     3   Next: 4%
Magic:  3/3        EV: 12    Int:  5 (7)  God:
Gold:   71         SH:  0    Dex: 14 (15) Spells: 2/2 levels left

rFire   . . .      SeeInvis .   a - +0 trident
rCold   . . .      Faith    .   (no shield)
rNeg    . . .      Spirit   .   e - +0 ring mail
rPois   .          Reflect  .   c - +0 helmet
rElec   .          Harm     .   (no cloak)
rCorr   .          Rampage  .   (no gloves)
Will    .....                   (no boots)
Stlth   +.........              (no amulet)
HPRegen 0.09/turn               (no ring)
MPRegen 0.08/turn               (no ring)

@: slowed, very slow
A: (nimble swimmer 2), mertail
a: no special abilities


You were on level 2 of the Dungeon.
You visited 1 branch of the dungeon, and saw 2 of its levels.

You collected 71 gold pieces.

Inventory:

Hand Weapons
 a - a +0 trident (weapon)
Missiles
 d - 3 throwing nets (quivered)
Armour
 b - a +0 leather armour
 c - a +0 helmet (worn)
 e - a +0 ring mail (worn)
Scrolls
 g - 2 scrolls of teleportation {unknown}
 h - a scroll of identify {unknown}
 i - a scroll of summoning {unknown}


   Skills:
 + Level 2.7 Fighting
 * Level 5.6 Polearms
 - Level 2.0 Throwing
 - Level 4.0 Dodging


You had 2 spell levels left.
You didn't know any spells.
Your spell library contained the following spells:

 Spells                   Type           Power      Damage    Failure   Level
 Foxfire                  Conj/Fire      0%         2x1d4     75%         1
 Conjure Flame            Conj/Fire      0%         6-21      98%         3
 Inner Flame              Hex/Fire       0%         N/A       98%         3
 Flame Wave               Conj/Fire      0%         2d4       100%        4
 Summon Forest            Summ/Tloc      0%         N/A       100%        5
 Summon Mana Viper        Hex/Summ       0%         N/A       100%        5
 Summon Cactus Giant      Summ           0%         N/A       100%        6


Dungeon Overview and Level Annotations

Branches:
Dungeon (2/15)

Altars:
Nemelex Xobeh

Annotations:
D:2 Natasha


Innate Abilities, Weirdness & Mutations

((You are very nimble when in or above water. (Stealth+, EV+, Speed+++)))
Your lower body shifts to a powerful aquatic tail in water.


Message History

Natasha hisses angrily.
Natasha mumbles some strange words.
Natasha growls.
You hit the giant cockroach but do no damage.
The giant cockroach barely misses you.
Natasha stares at you and mumbles some strange words.
You feel yourself slow down.
You hit the giant cockroach.
You kill the giant cockroach!
The shadow imp shouts, "Kneel, thou twisted moldwarp swadder!"
Natasha casts a spell.
Natasha casts a spell.
The white imp gestures at you. The puff of frost hits you!
Reach: a) +0 trident
Press: ? - help, Dir - move target, f - Natasha
Aim: Natasha (about 47% to evade your +0 trident)
You reach to attack!
You barely miss Natasha. The shadow imp hits you.
The white imp hits you but does no damage.
The shadow imp gestures at you.
You barely resist. Natasha casts a spell at you.
You feel as though you will be slow longer.
The white imp gestures at you. The puff of frost hits you! Natasha misses you.
You hit Natasha.
Natasha is moderately wounded.
Natasha misses you. Natasha claws you.
* * * LOW HITPOINT WARNING * * *
You closely miss Natasha.
Natasha is moderately wounded.
Natasha claws you.
* * * LOW HITPOINT WARNING * * *
It was a potion of degeneration.
There was something very wrong with that liquid.
You feel weakened.
You feel dopey.
You feel clumsy. Natasha claws you.
* * * LOW HITPOINT WARNING * * *
Natasha claws you.
You die...

# ...### #. .....# ..
.....# #. #....#### #.###
#........ #...# #........
##.#.###........
#.....##5.......
#.....@h5.......
#.._...#........
#.....########## #.....#
##..### #.## #.# #.#
##########.################


You could see an iron imp (summoned), Natasha and a white imp (summoned).

Vanquished Creatures
  2 dart slugs
  A ball python (D:1)
  An endoplasm (D:1)
  A giant cockroach (D:2)
  2 goblins (D:1)
  4 hobgoblins (D:1)
  2 kobolds
  A quokka (D:1)
  A bat (D:2)
  4 frilled lizards (D:1)
  A rat (D:1)
20 creatures vanquished.

Notes
Turn   | Place    | Note
-------+----------+-------------------------------------------
     0 | D:1      | rabbitsville the Merfolk Gladiator began the quest for the
                  | Orb.
     0 | D:1      | Reached XP level 1. HP: 16/16 MP: 1/1
   165 | D:1      | Reached skill level 5 in Polearms
   165 | D:1      | Reached XP level 2. HP: 23/23 MP: 2/2
   375 | D:1      | Found a faded altar of an unknown god.
  1030 | D:2      | Noticed a black bear
  1173 | D:2      | Reached XP level 3. HP: 28/28 MP: 3/3
  1206 | D:2      | Found a sparkling altar of Nemelex Xobeh.
  1226 | D:2      | Noticed Natasha
  1237 | D:2      | Slain by Natasha

Illustrated notes

Levels and vault maps discovered:
D:1:      psy_arrival_radial02, layout_basic, hellmonk_ecumenical_altar_run_dry
D:2:      layout_basic, basic_altar, kennysheep_small_spiral,
          minmay_strange_pillars, uniq_natasha

Skill      XL: |  1 |
---------------+----+-----
Polearms       | 5 |  5.6
Fighting       | |  2.7
Throwing       | |  2.0
Dodging        | |  4.0

Action                   || total
-------------------------++-------
Melee: Trident           ||    73
  Use: Potion            ||     1
Armor: Ring mail         ||    18
Dodge: Dodged            ||    34
